 Dungeon Crawl Stone Soup version 0.28-a0-628-g3c9886e45e (webtiles) character file.

Game seed: 6707801554932905082

43 mordus the Chopper (level 3, 0/29 (31) HPs)
             Began as a Hill Orc Monk on Oct 8, 2021.
             Was a Believer of Beogh.
             Slain by a scorpion (4 damage)
             ... on level 3 of the Dungeon.
             The game lasted 00:02:30 (2220 turns).

mordus the Chopper (Hill Orc Monk)                  Turns: 2220, Time: 00:02:31

HP:   0/29 (31)     AC:  6    Str: 14    XL:     3   Next: 58%
MP:   0/3           EV: 11    Int: 10    God:    Beogh [**....]
Gold: 86            SH:  0    Dex: 13    Spells: 2/2 levels left

rFire   . . .      SeeInvis .   a - +0 hand axe
rCold   . . .      Faith    .   (no shield)
rNeg    . . .      Spirit   +   l - +0 ring mail
rPois   .          Reflect  .   e - +0 helmet
rElec   .          Harm     .   (no cloak)
rCorr   .          Rampage  .   (no gloves)
Will    .....                   (no boots)
Stlth   +.........              d - amulet of guardian spirit
HPRegen 0.09/turn               (no ring)
MPRegen 0.08/turn               (no ring)

@: drained
A: no striking features
a: Renounce Religion, Smiting


You were on level 3 of the Dungeon.
You worshipped Beogh.
Beogh was pleased with you.
You visited 1 branch of the dungeon, and saw 3 of its levels.

You collected 86 gold pieces.

Inventory:

Hand Weapons
 a - a +0 hand axe (weapon)
Armour
 e - a +0 helmet (worn)
 l - a +0 ring mail (worn)
Jewellery
 d - an amulet of guardian spirit (around neck)
Scrolls
 b - a scroll of magic mapping {unknown}
 f - a scroll of fear {unknown}
 g - 2 scrolls of brand weapon {unknown}
 h - a scroll of identify {unknown}
 i - a scroll of torment {unknown}
 k - a scroll of immolation {unknown}
Potions
 c - 2 potions of curing {unknown}
 j - a potion of degeneration {unknown}
 m - a potion of magic {unknown}


   Skills:
 - Level 3.6 Fighting
 * Level 5.4 Axes
 + Level 1.7 Armour
 - Level 2.4 Dodging
 - Level 1.5 Stealth


You had 2 spell levels left.
You didn't know any spells.
Your spell library was empty.

Dungeon Overview and Level Annotations

Branches:
Dungeon (3/15)

Altars:

Shops:
D:2 *


Message History

The scorpion stings you but does no damage.
You hit the orc.
You kill the orc!
Beogh accepts your kill.
You hit the scorpion.
The scorpion stings you but does no damage.
A scorpion is nearby!
You completely miss the scorpion.
The scorpion is lightly wounded.
The scorpion stings you but does no damage.
You hit the scorpion but do no damage.
The scorpion is lightly wounded.
The scorpion stings you.
You are poisoned.
The scorpion poisons you!
You hit the scorpion but do no damage.
The scorpion is lightly wounded.
You feel sick. The scorpion barely misses you. The scorpion stings you.
You closely miss the scorpion.
The scorpion is lightly wounded.
You feel sick. The scorpion closely misses you.
You barely miss the scorpion.
The scorpion is lightly wounded.
You feel sick. The scorpion stings you.
You hit the scorpion but do no damage.
The scorpion is lightly wounded.
You feel sick.
The scorpion stings you but does no damage.
You hit the scorpion.
The scorpion is moderately wounded.
You feel sick.
The scorpion stings you but does no damage.
The scorpion stings you.
* * * LOW HITPOINT WARNING * * *
You feel sick.
You feel sick.
You are no longer poisoned.
The scorpion stings you but does no damage.
The scorpion stings you.
You die...

.. .. #.##.##.# #.#
#.#.#. ##.##.##.# #.#
#..$.####...#.##.# #^.
#..<.....#...##.# ###
.......####...####.#
#.#..#. ##.## #.# ## #.
#.# ...
##..#####.####...#######
#......@s...............
..#.####..............#.
.## #................
#................
#######..........
...#.####. ..# ..##.
#.##. #.##.


You could see a scorpion.

Vanquished Creatures
  An adder (D:2)
  2 dart slugs (D:2)
  An orc (D:3)
  A ball python (D:2)
  4 bats
  3 endoplasms
  2 giant cockroaches (D:1)
  A goblin (D:1)
  2 hobgoblins
  3 kobolds (D:1)
  2 quokkas (D:1)
  3 frilled lizards
25 creatures vanquished.

Vanquished Creatures (others)
  2 endoplasms (D:3)
  A hobgoblin (D:3)
3 creatures vanquished.

Grand Total: 28 creatures vanquished

Notes
Turn   | Place    | Note
-------+----------+-------------------------------------------
     0 | D:1      | mordus the Hill Orc Monk began the quest for the Orb.
     0 | D:1      | Reached XP level 1. HP: 19/19 MP: 1/1
   441 | D:1      | Reached XP level 2. HP: 10/26 MP: 2/2
   862 | D:1      | Reached skill level 1 in Armour
  1063 | D:1      | Found a faded altar of an unknown god.
  1248 | D:2      | Found Ysta Poi's General Store.
  1257 | D:2      | Reached skill level 5 in Axes
  1349 | D:2      | Reached XP level 3. HP: 28/31 MP: 3/3
  2032 | D:3      | Became a worshipper of Beogh the Brigand
  2032 | D:3      | Reached * piety under Beogh
  2032 | D:3      | Reached ** piety under Beogh
  2200 | D:3      | Noticed a scorpion
  2220 | D:3      | Slain by a scorpion

Illustrated notes

Levels and vault maps discovered:
D:1:      wander_arrival_peaceful_grave, layout_loops_ring,
          shapermc_ecumenical_altar_mp_vishouse
D:2:      layout_loops_ring, serial_shops, nicolae_shop_trees,
          corexii_leaking_fountain, ebering_dispersal_statue_hall
D:3:      layout_loops_ring, trog_hazing_becter

Skill      XL: |  1  2 |
---------------+-------+-----
Armour         | 1 |  1.7
Axes           | 5 |  5.4
Fighting       | |  3.6
Dodging        | |  2.4
Stealth        | |  1.5

Action                   || total
-------------------------++-------
Melee: Hand axe          ||    90
Invok: Convert to Beogh  ||     1
 Stab: Sleeping          ||     3
Armor: Leather armour    ||    30
       Ring mail         ||    10
Dodge: Dodged            ||    54

Table legend: (Time is in decaauts)
 A = Elapsed time spent in this place.
 B = Non-inter-level travel time spent in this place.
 C = Inter-level travel time spent in this place.
 D = Time resting spent in this place.
 E = Time spent auto-exploring this place.
 F = Levels seen in this place.
 G = Mean time per level.
                   A        B        C        D        E       F      G
               +--------+--------+--------+--------+--------+-----+--------+
         Total |   2225 |   2156 |     69 |      0 |   1847 |   3 |  741.7 |
       Dungeon |   2225 |   2156 |     69 |      0 |   1847 |   3 |  741.7 |
               +--------+--------+--------+--------+--------+-----+--------+

Top non-repeatable levels by time:
     D:1: 1187 daAuts
     D:2: 834 daAuts
     D:3: 204 daAuts
